 Dungeon Crawl Stone Soup version 0.31-a0-263-ge8cad7f256 (webtiles) character file.

Game seed: 487726821637138690

25 qw the Shooter (level 2, -1/25 HPs)
             Began as a Minotaur Hexslinger on July 13, 2023.
             Slain by Terence
             ... wielding a +2 trident of protection
              (6 damage)
             ... on level 2 of the Dungeon.
             The game lasted 00:00:18 (1196 turns).

qw the Shooter (Minotaur Hexslinger)                Turns: 1196, Time: 00:00:18

Health: -1/25      AC:  6    Str: 12    XL:     2   Next: 82%
Magic:  2/2        EV: 10    Int: 10    God:
Gold:   74         SH:  0    Dex: 12    Spells: 2/3 levels left

rFire   . . .        Y - +1 sling
rCold   . . .        (no shield)
rNeg    . . .        g - +0 ring mail
rPois   .            (helmet restricted)
rElec   .            (no cloak)
rCorr   .            (no gloves)
SInv    .            e - +0 pair of boots
Will    .....        k - amulet of regeneration
Stlth   +            (no ring)
HPRegen 1.04/turn    (no ring)
MPRegen 0.08/turn

%: no passive effects
@: no status effects
A: horns 2, retaliatory headbutt
a: no special abilities


You were on level 2 of the Dungeon.
You visited 1 branch of the dungeon, and saw 2 of its levels.

You collected 74 gold pieces.


Innate Abilities, Weirdness & Mutations

You have a pair of horns on your head.
You reflexively headbutt those who attack you in melee.


   Skills:
 - Level 2.5 Fighting
 + Level 3.1 Ranged Weapons
 - Level 2.1 Dodging
 - Level 1.0 Spellcasting
 - Level 2.0 Hexes


You had 2 spell levels left.
You knew the following spells:

 Your Spells              Type           Power      Damage    Failure   Level
a - Slow                  Hex            16%        N/A       34%         1

Your spell library contained the following spells:

 Spells                   Type           Power      Damage    Failure   Level
 Inner Flame              Hex/Fire       2%         N/A       83%         3
 Portal Projectile        Hex/Tloc       4%         N/A       83%         3
 Cause Fear               Hex            2%         N/A       98%         4

Inventory:

Hand Weapons
 Y - a +1 sling (weapon)
Armour
 e - a +0 pair of boots (worn)
 g - a +0 ring mail (worn)
Jewellery
 k - an amulet of regeneration (around neck)
Scrolls
 i - a scroll of identify
Potions
 h - a potion of haste {unknown}
 j - a potion of curing

Dungeon Overview and Level Annotations

Branches:
Dungeon (2/15)

Altars:

Annotations:
D:2 Terence


Message History

Terence hits you from afar with a +2 trident of protection! x2
Enter note:
Enter note:
1183 ||| READING scroll labelled PUNWOM AD YZOC.
As you read the scroll labelled PUNWOM AD YZOC, it crumbles to dust.
You hear a loud clanging noise!
It was a scroll of noise.
Terence hits you but does no damage.
Enter note:
Enter note:
Enter note:
1185 ||| FLEEEEING.
1186 ||| STILL FLEEEEING.
1187 ||| FLEEEEING.
You shoot a sling bullet. The sling bullet barely misses Terence.
You shoot a sling bullet.
The sling bullet closely misses Terence.
Terence barely misses you.
Terence hits you from afar with a +2 trident of protection.
You shoot a sling bullet.
The sling bullet hits Terence but does no damage.
Terence barely misses you.
You shoot a sling bullet. The sling bullet barely misses Terence.
Terence misses you.
You shoot a sling bullet. The sling bullet barely misses Terence.
Terence hits you from afar with a +2 trident of protection!
Terence barely misses you.
You shoot a sling bullet.
The sling bullet completely misses Terence.
Terence hits you from afar with a +2 trident of protection!
You shoot a sling bullet.
The sling bullet hits Terence but does no damage.
Terence misses you.
You shoot a sling bullet. The sling bullet barely misses Terence.
Terence barely misses you.
Terence hits you from afar with a +2 trident of protection.
You shoot a sling bullet.
The sling bullet closely misses Terence.
Terence hits you from afar with a +2 trident of protection.
You die...

#.###.# #.# #.# #. #...#.# ##+##
#.# #. #.#.#.# ##...## #.# #.
#.....# ##.....## ###.# ##.
##..#####.......## ##.#.# #..
##...####.........####....#####.#
#.......'.........+.............#
##...####.........####........#.#
##..# ##......@## #..#.###.#.#
##.# ##.......# #.##.# #.#.# #.#
##..@##.# #. #.# #.#.. #.#
#..###.# .. ..# #.### ..# #..#
#.# #. ### #.# ##...........#.#
#.# ######..#@#.# #....#.# ....
#.#


You could see Terence.

Vanquished Creatures
  An adder (D:2)
  An endoplasm (D:1)
  A goblin (D:2)
  A hobgoblin (D:1)
  2 jackals (D:1)
  2 quokkas
  2 ball pythons (D:2)
  A bat (D:1)
  A frilled lizard (D:1)
  3 kobolds (D:1)
  A rat (D:1)
16 creatures vanquished.

Notes
Turn   | Place    | Note
-------+----------+-------------------------------------------
     0 | D:1      | qw the Minotaur Hexslinger began the quest for the Orb.
     0 | D:1      | Reached XP level 1. HP: 16/16 MP: 1/1
     0 | D:1      | 0 ||| qw: Version: 0.3-a-52-g30416fa
     0 | D:1      | 0 ||| qw: Game counter: 7525
     0 | D:1      | 0 ||| qw: Melee chars always use a shield: true
     0 | D:1      | 0 ||| qw: God list: Okawaru
     0 | D:1      | 0 ||| qw: Allow faded altars: false
     0 | D:1      | 0 ||| qw: Do Orc after clearing Dungeon:15 true
     0 | D:1      | 0 ||| qw: Do second Lair branch before Depths: true
     0 | D:1      | 0 ||| qw: Lair rune preference: random
     0 | D:1      | 0 ||| qw: Goals: Normal
     0 | D:1      | 0 ||| PLANNING D:1-11
   343 | D:1      | Reached skill level 3 in Ranged Weapons
   512 | D:1      | Reached XP level 2. HP: 17/23 MP: 2/2
   803 | D:1      | 803 ||| UPGRADING to +0 pair of boots.
   808 | D:1      | 808 ||| UPGRADING to +0 ring mail.
   818 | D:1      | 818 ||| DROPPING +0 robe.
   819 | D:1      | 819 ||| UPGRADING to amulet of regeneration.
   824 | D:1      | 824 ||| READING scroll labelled VOFYHIG KEECW.
   834 | D:1      | 834 ||| READING 2 scrolls labelled VOIPLA NOIMIATYNTO.
   835 | D:1      | 835 ||| DRINKING 2 coppery potions.
   888 | D:1      | 888 ||| DRINKING 2 fizzy inky potions.
   889 | D:1      | 889 ||| DROPPING scroll of poison.
   890 | D:1      | 890 ||| DROPPING potion of lignification.
  1178 | D:2      | Noticed Terence
  1182 | D:2      | HP: 6/25 [Terence/+2 trident of protection (10)]
  1183 | D:2      | 1183 ||| READING scroll labelled PUNWOM AD YZOC.
  1185 | D:2      | 1185 ||| FLEEEEING.
  1187 | D:2      | 1187 ||| FLEEEEING.
  1193 | D:2      | HP: 2/25 [Terence/+2 trident of protection (7)]
  1196 | D:2      | Slain by Terence

Levels and vault maps discovered:
D:1:      minmay_arrival_statue_studded, layout_loops_corners
D:2:      layout_loops_corners, uniq_terence

Skill      XL: |  1  2 |
---------------+-------+-----
Ranged Weapons | 3 |  3.1
Fighting       | 2 |  2.5
Dodging        | |  2.1
Spellcasting   | |  1.0
Hexes          | |  2.0

Action                     || total
---------------------------++-------
   Fire: Sling             ||    53
    Use: Scroll            ||     3
         Potion            ||     2
 Armour: Robe              ||     2
         Ring mail         ||     4
  Dodge: Dodged            ||    25

Table legend:
 A = Non-vault XP
 B = Vault XP
 C = Vault XP percentage of total XP
 D = Non-vault monster count
 E = Vault monster count
 F = Vault count percentage of total count
                 A         B        C        D         E       F
            +---------+---------+-------+---------+---------+-------
      Total |      36 |       0 |   0.0 |      16 |       0 |   0.0
            +---------+---------+-------+---------+---------+-------
        D:1 |      17 |       0 |   0.0 |      11 |       0 |   0.0
        D:2 |      19 |       0 |   0.0 |       5 |       0 |   0.0
            +---------+---------+-------+---------+---------+-------
